 Dungeon Crawl Stone Soup version 0.23.1 (webtiles) character file.

Game seed: 4895015433529488502

8085 CloudKeeper the Blocker (level 11, 0/86 HPs)
             Began as a Formicid Fighter on Mar 13, 2019.
             Was a Priest of Makhleb.
             Killed by divine providence
             ... invoked by Saint Roka
              (10 damage)
             ... on level 2 of the Orcish Mines on Mar 14, 2019.
             The game lasted 00:41:24 (8032 turns).

CloudKeeper the Blocker (Formicid Fighter)          Turns: 8032, Time: 00:41:24

Health: 0/86       AC: 20    Str: 24    XL:     11   Next: 49%
Magic:  15/15      EV: 11    Int:  8    God:    Makhleb [***...]
Gold:   707        SH: 12    Dex: 15    Spells: 10/10 levels left

rFire    . . .     SeeInvis +   z - +2 battleaxe (freeze) (curse)
rCold    . . .     Gourm    .   c - +0 shield
rNeg     . . .     Faith    .   I - +3 chain mail
rPois    .         Spirit   .   (helmet unavailable)
rElec    .         Reflect  .   G - +2 cloak
rCorr    .         Harm     .   K - +0 pair of gloves
MR       +....                  h - +1 pair of boots
Stlth    ..........             l - amulet of regeneration
HPRegen  1.04/turn              k - +5 ring of dexterity
MPRegen  0.14/turn              C - ring of teleportation (curse)

@: no status effects
A: permanent stasis, dig shafts and tunnels, four strong arms, antennae 3,
regeneration 1, screaming 1
a: Dig, Shaft Self, Minor Destruction, Lesser Servant of Makhleb, Renounce
Religion


You were on level 2 of the Orcish Mines.
You worshipped Makhleb.
Makhleb was most pleased with you.
You were not hungry.

You visited 2 branches of the dungeon, and saw 11 of its levels.

You collected 707 gold pieces.

Inventory:

Hand Weapons
 a - a +0 long sword
 t - a +2 rapier of holy wrath
 z - a cursed +2 battleaxe of freezing (weapon)
 E - a +0 hand axe of freezing
Armour
 c - a +0 shield (worn)
 h - a +1 pair of boots (worn)
 s - the -3 shield of the Maze {MP+9 Int+6 Stlth-}
   (You acquired it on level 7 of the Dungeon)

   It affects your intelligence (+6).
   It affects your magic capacity (+9).
   It makes you less stealthy.
 x - a +1 leather armour of poison resistance
 G - a +2 cloak (worn)
 I - a +3 chain mail (worn)
 K - a +0 pair of gloves (worn)
 O - a +0 troll leather armour
Jewellery
 k - a +5 ring of dexterity (left hand)
 l - an amulet of regeneration (around neck)
 C - a cursed ring of teleportation (right hand)
 N - a cursed ring of attention {unknown}
Wands
 n - a wand of flame (12)
 p - a wand of polymorph (9)
 w - a wand of disintegration (22)
 D - a wand of paralysis (6)
 H - a wand of digging (5)
 J - a wand of random effects (20)
Scrolls
 g - 9 scrolls of identify
 i - 8 scrolls of teleportation
 j - 4 scrolls of blinking
 y - 2 scrolls of amnesia
 A - 3 scrolls of magic mapping
 B - 2 scrolls of enchant armour
 L - a scroll of fear
Potions
 d - 2 potions of might
 e - 5 potions of mutation
 m - 2 potions of brilliance
 o - a potion of heal wounds
 q - 3 potions of curing
 r - 4 potions of haste
 u - 2 potions of flight
 v - a potion of resistance
 F - a potion of degeneration {unknown}
 M - a potion of cancellation
Comestibles
 b - 2 chunks of flesh
 f - 11 rations


   Skills:
 + Level 8.0 Fighting
 - Level 6.0 Long Blades
 * Level 7.8 Axes
 + Level 7.7 Armour
 + Level 4.5 Dodging
 - Level 0.4 Stealth
 + Level 8.9 Shields
 + Level 6.5 Invocations
 + Level 3.5 Evocations


You had 10 spell levels left.
You didn't know any spells.
Your spell library contained the following spells:

 Spells                   Type           Power        Failure   Level  Hunger
 Silence                  Hex/Air        #.........   100%        5    ######.
 Conjure Ball Lightning   Conj/Air       #.........   100%        6    #######
 Tornado                  Air            #.........   100%        9    #######


Dungeon Overview and Level Annotations

Branches:
Dungeon (9/15)             Temple (0/1) D:6             Orc (2/2) D:9
   Lair: D:8-11         Elf: Orc:2

Altars:
Makhleb
Ru
Trog

Shops:
D:6 %   Orc:2 =

Annotations:
Orc:2 Saint Roka


Innate Abilities, Weirdness & Mutations

You cannot be hasted, slowed, berserked, paralysed or teleported.
You can dig through walls and to a lower floor.
Your four strong arms can wield two-handed weapons with a shield.
You have a pair of large antennae on your head. (SInv)
Your natural rate of healing is unusually fast.
You occasionally shout uncontrollably at your foes.


Message History

Level annotation: Saint Roka 2 orcs and an orc warrior come into view.
The orc shouts!
The orc warrior shouts!
The orc wizard gestures wildly while chanting.
The orc wizard blinks!
The orc warrior hits you but does no damage.
An orc priest comes into view. It is wielding a +0 hand axe.
You shout at the orc priest!
You block the orc's attack. The orc hits you but does no damage.
Saint Roka calls down the wrath of Beogh upon you.
Beogh smites you!
* * * LOW HITPOINT WARNING * * *
You block the orc wizard's attack.
The orc wizard casts a spell.
The orc wizard blinks!
The orc warrior hits you but does no damage.
You block the orc's attack. The orc barely misses you.
Saint Roka calls down the wrath of Beogh upon you.
Beogh smites you!
You die...

..#........
.....#....
o..o∩.§...
#oo.o....o
#.......o. {
#...o§....
##hoo.o$...
#oo@oO....#
#..oooo.....
###oooo.....
..o....... {
..#........
....$.......
.....o...o..#
..8....o..#...


You could see Saint Roka, an orc warlord, a two-headed ogre, a warg, 9 orc
warriors, 4 orc priests, 3 orc wizards and 8 orcs.

Vanquished Creatures
  2 two-headed ogres
  An orc knight (Orc:1)
  An ugly thing (D:8)
  2 trolls
  A hippogriff (D:9)
  Prince Ribbit (D:8)
  A wyvern (D:8)
  Eustachio (D:4)
  A hungry ghost (D:8)
  A warg (Orc:1)
  2 ice beasts
  7 orc warriors
  2 sky beasts
  A phantom (D:9)
  3 eyes of draining (D:7)
  2 necrophages
  3 centaurs
  7 ogres
  2 crocodiles (D:9)
  3 bullfrogs
  2 scorpions
  10 wights
  2 howler monkeys (D:7)
  A crimson imp (D:5)
  2 bullfrog zombies (D:8)
  2 centaur zombies
  9 orc wizards
  5 orc priests
  2 bullfrog skeletons
  A centaur skeleton (D:6)
  5 hounds
  2 jellies
  5 iguanas
  4 worker ants
  3 hound skeletons
  A howler monkey zombie (D:7)
  2 worker ant zombies
  9 adders
  A gnoll (D:7)
  4 shadow imps
  3 oozes (D:1)
  A worm (D:3)
  2 dart slugs
  5 leopard geckos
  26 orcs
  4 bats
  2 giant cockroaches
  6 goblins
  6 hobgoblins
  11 jackals
  3 quokkas
  3 ball pythons
  6 frilled lizards
  6 kobolds
  A leopard gecko skeleton (D:5)
  2 leopard gecko zombies
  10 rats
213 creatures vanquished.

Notes
Turn   | Place    | Note
-------+----------+-------------------------------------------
     0 | D:1      | CloudKeeper the Formicid Fighter began the quest for the
                  | Orb.
     0 | D:1      | Reached XP level 1. HP: 18/18 MP: 1/1
    21 | D:1      | Reached XP level 2. HP: 21/24 MP: 2/2
   335 | D:1      | Reached XP level 3. HP: 30/30 MP: 3/3
   832 | D:2      | Reached XP level 4. HP: 37/37 MP: 4/4
  1701 | D:3      | Noticed an ice beast
  1712 | D:3      | Gained mutation: You occasionally shout uncontrollably at
                  | your foes. [potion of mutation]
  1712 | D:3      | Gained mutation: Your natural rate of healing is unusually
                  | fast. [potion of mutation]
  1727 | D:3      | Killed an ice beast
  1727 | D:3      | Reached XP level 5. HP: 32/42 MP: 5/5
  1727 | D:3      | Reached XP level 6. HP: 37/48 MP: 6/6
  2558 | D:4      | Noticed Eustachio
  2682 | D:4      | Killed Eustachio
  2682 | D:4      | Reached skill level 1 in Dodging
  2682 | D:4      | Reached skill level 5 in Shields
  2773 | D:4      | Reached XP level 7. HP: 55/55 MP: 7/7
  3014 | D:5      | Entered Level 5 of the Dungeon
  3444 | D:5      | Found a burning altar of Makhleb.
  3449 | D:5      | Became a worshipper of Makhleb the Destroyer
  3540 | D:5      | Reached skill level 5 in Long Blades
  4056 | D:6      | Reached XP level 8. HP: 61/61 MP: 8/8
  4088 | D:6      | Reached skill level 5 in Fighting
  4137 | D:6      | Reached skill level 5 in Armour
  4188 | D:6      | Reached skill level 1 in Axes
  4203 | D:6      | Reached skill level 1 in Invocations
  4210 | D:6      | Found Caoddola's Food Boutique.
  4264 | D:6      | Found a staircase to the Ecumenical Temple.
  4776 | D:6      | Reached XP level 9. HP: 69/69 MP: 10/10
  4863 | D:7      | Reached * piety under Makhleb
  5291 | D:7      | Identified a scroll of acquirement
  5292 | D:7      | Got a crude shield
  5293 | D:7      | Identified the -3 shield of the Maze {MP+9 Int+6 Stlth-}
                  | (You acquired it on level 7 of the Dungeon)
  5304 | D:7      | Found a bloodstained altar of Trog.
  5887 | D:8      | Noticed Prince Ribbit
  5912 | D:8      | Killed Prince Ribbit
  5912 | D:8      | Reached skill level 5 in Axes
  5941 | D:8      | Reached XP level 10. HP: 74/74 MP: 13/13
  5956 | D:8      | Noticed a brown ugly thing
  6012 | D:8      | Killed a brown ugly thing
  6128 | D:8      | Reached ** piety under Makhleb
  6158 | D:8      | Found a sacrificial altar of Ru.
  6209 | D:8      | Identified the Incunabulum of Lightness
  6503 | D:8      | Reached skill level 5 in Invocations
  6639 | D:9      | Noticed a two-headed ogre
  6651 | D:9      | Killed a two-headed ogre
  6651 | D:9      | Reached skill level 1 in Evocations
  7026 | D:9      | Reached XP level 11. HP: 81/81 MP: 15/15
  7104 | D:9      | Reached *** piety under Makhleb
  7269 | D:9      | Noticed a death knight
  7379 | D:9      | Found a staircase to the Orcish Mines.
  7416 | Orc:1    | Entered Level 1 of the Orcish Mines
  7624 | Orc:1    | Noticed a two-headed ogre
  7632 | Orc:1    | Killed a two-headed ogre
  7647 | Orc:1    | Noticed an orc knight
  7739 | Orc:1    | Killed an orc knight
  7872 | Orc:1    | Noticed a wolf spider
  7874 | Orc:1    | Noticed a wolf spider
  7964 | Orc:2    | Entered Level 2 of the Orcish Mines
  7964 | Orc:2    | Found Utaegab's Jewellery Shop.
  7968 | Orc:2    | Noticed Saint Roka
  7968 | Orc:2    | Noticed a two-headed ogre
  7976 | Orc:2    | Noticed an orc warlord
  8032 | Orc:2    | Killed from afar by Saint Roka

Skill      XL: |  1  2  3  4  5  6  7  8  9 10 11 |
---------------+----------------------------------+-----
Shields        | 4 5 6 7 8 |  8.9
Fighting       | 4 5 6 7 8 |  8.0
Long Blades    | 3 4 5 6 |  6.0
Armour         | 4 5 6 7 |  7.7
Dodging        | 1 2 3 4 |  4.5
Axes           | 2 5 6 7 |  7.8
Invocations    | 2 4 5 6 |  6.5
Evocations     | 2 3 |  3.5
Stealth        | |  0.4

Action                   |  1- 3 |  4- 6 |  7- 9 | 10-12 || total
-------------------------+-------+-------+-------+-------++-------
Melee: Long sword        |    70 |   251 |    93 |       ||   414
       Battleaxe         |       |       |   188 |   235 ||   423
 Abil: Dig               |       |       |       |     1 ||     1
Evoke: Wand              |       |       |    13 |     6 ||    19
  Use: Scroll            |     1 |       |    10 |     2 ||    13
       Potion            |       |     1 |     6 |     4 ||    11
 Stab: Paralysed         |       |       |       |    10 ||    10
  Eat: Chunk             |       |     7 |     7 |    10 ||    24
       Ration            |       |       |     1 |       ||     1
Armor: Scale mail        |    37 |   107 |    65 |    59 ||   268
       Chain mail        |       |       |       |    37 ||    37
Dodge: Dodged            |    39 |    78 |   119 |   120 ||   356
Block: Shield            |    38 |   142 |   160 |   163 ||   503
       Rpst.: Long sword |    15 |    20 |     9 |       ||    44
